 Dungeon Crawl Stone Soup version 0.17-a0-1399-gd5b76e1 (webtiles) character file.

79430 Lathuz the Warrior (level 15, 147/147 HPs)
             Began as a Minotaur Berserker on May 4, 2015.
             Was the Champion of Trog.
             Quit the game on level 8 of the Lair of Beasts on June 18, 2015.
             The game lasted 01:17:00 (21572 turns).

Lathuz the Warrior (Minotaur Berserker)            Turns: 21572, Time: 01:17:00

Health: 147/147    AC: 34    Str: 24    XL:     15   Next: 21%
Magic:  4/4        EV:  7    Int:  7    God:    Trog [******]
Gold:   1767       SH: 17    Dex: 21    Spells: 0 memorised, 14 levels left

rFire  + . .     SeeInvis .     P - +6 demon whip (antimagic)
rCold  . . .     Clarity  .     b - +6 crystal plate armour
rNeg   . . .     SustAt   +     W - +2 shield
rPois  .         Gourm    .     (helmet restricted)
rElec  .         Spirit   +     C - +0 cloak
rCorr  .         Warding  .     (no gloves)
rMut   .         Stasis   .     D - +0 pair of boots
MR     +....                    E - amulet "Jywk" {Spirit Int+3 Dex+3 Slay+2}
Stlth  ..........               u - ring of protection from fire
                                S - ring of sustain attributes

@: somewhat resistant to hostile enchantments, extremely unstealthy
A: retaliatory headbutt, horns 2, agile 1, strong 1
a: Burn Spellbooks, Berserk, Trog's Hand, Brothers in Arms, Renounce Religion


You were on level 8 of the Lair of Beasts.
You worshipped Trog.
Trog was exalted by your worship.
You were not hungry.

You visited 2 branches of the dungeon, and saw 21 of its levels.
You also visited: Sewer.

You collected 1767 gold pieces.

Inventory:

Hand weapons
 p - a +2 antimagic eveningstar
 y - a +5 arbalest of freezing
 P - a +6 antimagic demon whip (weapon)
Missiles
 T - 7 poisoned tomahawks (quivered)
Armour
 b - a +6 crystal plate armour (worn)
 C - a +0 cloak (worn)
 D - a +0 pair of boots (worn)
 W - a +2 shield (worn)
Jewellery
 i - a +3 ring of protection
 l - an uncursed ring of stealth
 r - an uncursed ring of ice
 u - a ring of protection from fire (right hand)
 A - an uncursed amulet of clarity
 E - the amulet "Jywk" (around neck) {Spirit Int+3 Dex+3 Slay+2}
   (You found it on level 5 of the Dungeon)

   [amulet of guardian spirit]

   It causes incoming damage to be split between your health and magic.
   It affects your intelligence (+3).
   It affects your dexterity (+3).
   It affects your accuracy and damage with ranged weapons and melee attacks
   (+2).
 J - an uncursed ring of magical power
 N - an uncursed ring of fire
 O - an uncursed ring of see invisible
 S - a ring of sustain attributes (left hand)
 U - an uncursed ring of magical power
 Z - an uncursed ring of protection from cold
Magical devices
 m - a wand of draining (3)
 v - a wand of fireball (5)
 F - a wand of polymorph (19)
 G - a wand of enslavement (17)
 L - a wand of digging (23)
Scrolls
 d - 8 scrolls of teleportation
 f - a scroll of identify
 n - 8 scrolls of remove curse
 s - 3 scrolls of recharging
 t - a scroll of magic mapping
 x - a scroll of enchant weapon
 K - a scroll of fog
Potions
 a - a potion of agility
 e - 3 potions of heal wounds
 g - 2 potions of magic
 h - 11 potions of curing
 j - 5 potions of might
 o - a potion of brilliance
 w - 6 potions of flight
 I - a potion of haste
 M - 2 potions of lignification
 Q - a potion of resistance
 Y - 2 potions of cancellation
Miscellaneous
 H - a fan of gales (inert)
Comestibles
 c - 10 bread rations
 k - 4 meat rations
 q - 4 beef jerkies
 z - 2 royal jellies
 B - 13 fruits
 V - 12 slices of pizza


   Skills:
 + Level 17.2 Fighting
 - Level 12.5 Maces & Flails
 + Level 17.1 Armour
 - Level 2.1 Dodging
 - Level 16.0 Shields


You had 14 spell levels left.
You didn't know any spells.

Dungeon Overview and Level Annotations

Branches:
Dungeon (13/15)            Temple (0/1) D:7            Lair (8/8) D:11
 Shoals (0/4) Lair:4        Snake (0/4) Lair:4        Slime (0/6) Lair:7
    Orc (0/4) D:10         Vaults (0/5) D:13

Altars:
Fedhas
Makhleb
Qazlal
Xom
The Shining One
Jiyva

Portals:
Hell: Lair:8

Annotations:
Lair:7 exclusion: oklob plant


Innate Abilities, Weirdness & Mutations

You reflexively headbutt those who attack you in melee.
You have a pair of horns on your head.
You are agile. (Dex +2)
Your muscles are strong. (Str +2)


Message History

You kill the spiny frog!
Trog accepts your kill.
Key pressed, stopping explore.
Found a club.
Found a long sword.
You now have 1767 gold pieces (gained 18).
Key pressed, stopping explore.
Partly explored, can't reach some places.
Partly explored, can't reach some places.
Partly explored, can't reach some places.
Partly explored, can't reach some places.
(D) Dungeon (T) Temple (L) Lair (A) Shoals (P) Snake Pit (M) Slime Pits (O) Orcish Mines (V) Vaults (H) Hell
Where to? (? - help) You're already here!
Welcome back, Lathuz the Minotaur Berserker.
Trog says: Kill them all!
Press ? for a list of commands and other information.
Are you sure you want to abandon this character and quit the game? (Confirm with "yes".)

### #### ### ###.# ##.P### ##..
##.#.# ##PP.PP#####... .#...#
#.........###.. #....##
##..........##.. ##....#
#..........##... ##...###
#######.........##P...
###...####P#.P..........##.P...
###......#.....@P..............P
#.#.............<...............
##.......#..##..................
##........#.######..###..........
#.........P.# #..###.P.........
(...P.....PP# #####.P..........
.........P### #...♣♣♣......
.P..PP......# #P.♣..♣.....P
...........### ♣♣.♣♣♣♣.....P


There were no monsters in sight!

Vanquished Creatures
  Gastronok (D:9)
  The ghost of kroki the Severer, a powerful DsBe of Trog (Lair:8)
  The ghost of Herrn the Cleaver, a powerful FoFi of Okawaru (D:13)
  A dire elephant (Lair:8)
  4 vault guards (D:13)
  Josephine (D:12)
  11 hydras
  9 death yaks (Lair:8)
  An ogre mage (D:13)
  Nergalle (Lair:4)
  A sun demon (Lair:8)
  A wizard (Lair:8)
  4 hill giants
  An orc knight (D:13)
  An orc sorcerer (D:13)
  2 ugly things
  A manticore (D:12)
  A cyclops (D:13)
  A griffon (Lair:7)
  A sixfirhy (Lair:8)
  Psyche (D:9)
  28 spiny frogs
  A smoke demon (Lair:8)
  A gargoyle (D:13)
  7 black mambas
  2 orange demons (Lair:8)
  2 fire drakes (Lair:7)
  9 komodo dragons
  5 kobold demonologists
  A yaktaur (D:13)
  A tengu conjurer (D:13)
  5 trolls
  2 blue devils (Lair:8)
  2 red devils (Lair:8)
  4 polar bears
  Prince Ribbit (D:7)
  6 removed MONS_RAVENs
  28 blink frogs
  A two-headed ogre (D:11)
  The ghost of OrbSeeker the Digger, an average OpEE of Sif Muna (D:4)
  6 basilisks
  2 wraiths (D:12)
  6 humans
  A hungry ghost (D:11)
  A deep elf mage (D:7)
  9 hippogriffs
  16 wolves
  42 yaks
  4 vampire mosquitoes
  3 nagas (Lair:4)
  A mottled dragon (D:12)
  Edmund (D:5)
  A soldier ant (D:12)
  11 water moccasins
  2 hell hounds (Lair:8)
  7 porcupines
  2 sky beasts
  A phantom (D:4)
  4 ogres
  2 black bears
  4 removed MONS_BORING_BEETLEs
  9 orc warriors
  6 ice beasts
  2 necrophages
  4 centaurs
  7 crocodiles
  Blork the orc (D:5)
  4 gnoll sergeants
  2 big kobolds
  14 giant frogs
  A wyvern zombie (D:10)
  4 scorpions
  A killer bee (D:7)
  5 wights (D:7)
  2 centaur zombies
  6 crimson imps
  11 hounds
  2 centaur skeletons
  8 orc wizards
  A gnoll shaman (D:4)
  2 quasits
  2 giant frog zombies
  Ijyb (D:2)
  5 jellies
  3 giant frog skeletons
  7 orc priests
  6 iguanas
  23 sheep
  5 sirens
  A merfolk avatar (Sewer)
  11 worker ants
  2 hound skeletons (D:9)
  A hound zombie (D:6)
  29 gnolls
  11 adders
  74 river rats
  5 shadow imps
  2 oozes
  An adder zombie (D:5)
  An adder skeleton (D:7)
  3 worms
  8 giant geckos
  48 orcs
  11 bats
  6 giant cockroaches
  17 goblins
  15 hobgoblins
  9 jackals
  5 quokkas
  5 ball pythons
  8 giant newts
  A giant spore (D:12)
  2 jackal zombies
  31 kobolds
  42 rats
  3 ballistomycetes (D:12)
  A bush (Lair:7)
  A butterfly (D:3)
  A fungus (Lair:8)
778 creatures vanquished.

Vanquished Creatures (collateral kills)
  A red devil (Lair:8)
  A blue devil (Lair:8)
  An electric eel (Lair:6)
3 creatures vanquished.

Vanquished Creatures (others)
  A troll (D:13)
  An air elemental (Lair:8)
  2 drowned souls (Sewer)
  An orc (D:7)
  3 fungi
  3 plants (Lair:8)
11 creatures vanquished.

Grand Total: 792 creatures vanquished

Notes
Turn   | Place    | Note
--------------------------------------------------------------
     0 | D:1      | Lathuz, the Minotaur Berserker, began the quest for the Orb.
     0 | D:1      | Reached XP level 1. HP: 19/19 MP: 0/0
   109 | D:1      | Reached skill level 4 in Maces & Flails
   280 | D:1      | Found a glowing golden altar of the Shining One.
   419 | D:1      | Reached XP level 2. HP: 26/26 MP: 1/1
   930 | D:2      | Acquired Trog's second power
   930 | D:2      | Reached skill level 5 in Maces & Flails
   955 | D:2      | Reached XP level 3. HP: 13/31 MP: 2/2
  1723 | D:2      | Noticed Ijyb
  1741 | D:2      | Killed Ijyb
  1741 | D:2      | Reached skill level 6 in Maces & Flails
  1741 | D:2      | Reached XP level 4. HP: 39/39 MP: 3/3
  1844 | D:3      | Reached XP level 5. HP: 45/45 MP: 4/4
  1847 | D:3      | Reached skill level 7 in Maces & Flails
  2358 | D:3      | Found a shimmering altar of Xom.
  2433 | D:3      | Acquired Trog's third power
  2620 | D:4      | Reached skill level 8 in Maces & Flails
  2623 | D:4      | Reached XP level 6. HP: 44/51 MP: 5/5
  2982 | D:4      | Reached skill level 9 in Maces & Flails
  3103 | D:4      | Noticed a phantom
  3114 | D:4      | Killed a phantom
  3114 | D:4      | Reached XP level 7. HP: 56/59 MP: 6/6
  3539 | D:4      | Noticed OrbSeeker's ghost (average OpEE)
  3547 | D:4      | Killed OrbSeeker's ghost
  3547 | D:4      | Reached skill level 5 in Fighting
  3557 | D:5      | Entered Level 5 of the Dungeon
  3606 | D:5      | Found a glowing drain.
  3610 | D:5      | Reached skill level 5 in Armour
  3697 | Sewer    | Entered a sewer
  4189 | Sewer    | Noticed a drowned soul
  4193 | Sewer    | Noticed a drowned soul
  4193 | Sewer    | Noticed a drowned soul
  4193 | Sewer    | Killed a drowned soul
  4195 | Sewer    | Noticed a drowned soul
  4195 | Sewer    | Noticed a drowned soul
  4197 | Sewer    | Noticed a drowned soul
  4197 | Sewer    | Killed a drowned soul
  4199 | Sewer    | Noticed a drowned soul
  4423 | D:5      | Got a steaming pewter amulet
  4487 | D:5      | Reached XP level 8. HP: 55/71 MP: 7/7
  4538 | D:5      | Found a blossoming altar of Fedhas.
  4557 | D:5      | Noticed Edmund
  4564 | D:5      | Killed Edmund
  5137 | D:5      | Received a gift from Trog
  5460 | D:5      | Noticed Blork the orc
  5468 | D:5      | Killed Blork the orc
  5747 | D:6      | Reached skill level 10 in Maces & Flails
  5747 | D:6      | Reached XP level 9. HP: 81/81 MP: 8/8
  5800 | D:6      | Identified the amulet "Jywk" {Spirit Int+3 Dex+3 Slay+2} (You found it on level 5 of the Dungeon)
  5960 | D:6      | Reached skill level 11 in Maces & Flails
  6429 | D:6      | Reached skill level 12 in Maces & Flails
  7019 | D:7      | Found a staircase to the Ecumenical Temple.
  7029 | D:7      | Reached XP level 10. HP: 83/91 MP: 7/9
  7143 | D:7      | Noticed Prince Ribbit
  7150 | D:7      | Killed Prince Ribbit
  8091 | D:8      | Reached skill level 10 in Fighting
  8295 | D:8      | Reached skill level 10 in Armour
  8373 | D:8      | Received a gift from Trog
  8686 | D:9      | Upgraded the game from 0.17-a0-915-g8914353 to 0.17-a0-931-g11a8995
  9204 | D:9      | Noticed Gastronok
  9220 | D:9      | Killed Gastronok
  9220 | D:9      | Reached XP level 11. HP: 104/104 MP: 2/10
  9421 | D:9      | Noticed Psyche
  9428 | D:9      | Killed Psyche
  9560 | D:9      | Received a gift from Trog
  9769 | D:10     | Entered Level 10 of the Dungeon
  9893 | D:10     | Found a staircase to the Orcish Mines.
  9959 | D:10     | Identified a scroll of acquirement
 10013 | D:10     | Gained mutation: Your muscles are strong. (Str +2) [potion of beneficial mutation]
 10069 | D:10     | Gained mutation: You are agile. (Dex +2) [potion of beneficial mutation]
 10329 | D:10     | Reached skill level 1 in Shields
 10469 | D:11     | Noticed a hill giant
 10476 | D:11     | Killed a hill giant
 10643 | D:11     | Found a staircase to the Lair.
 10663 | D:11     | Reached skill level 5 in Shields
 10677 | D:11     | Noticed a seven-headed hydra
 10687 | D:11     | Killed a seven-headed hydra
 11290 | D:12     | Received a gift from Trog
 11442 | D:12     | Noticed Josephine
 11462 | D:12     | Killed Josephine
 11462 | D:12     | Reached XP level 12. HP: 94/113 MP: 2/11
 11864 | D:12     | Reached skill level 10 in Shields
 12695 | D:13     | Noticed a vault guard
 12699 | D:13     | Noticed a vault guard
 12701 | D:13     | Noticed a vault guard
 12721 | D:13     | Killed a vault guard
 12729 | D:13     | Reached skill level 13 in Shields
 12916 | D:13     | Killed a vault guard
 12925 | D:13     | Noticed an ogre mage
 12932 | D:13     | Killed an ogre mage
 12932 | D:13     | Reached skill level 14 in Shields
 12968 | D:13     | Killed a vault guard
 12982 | D:13     | Found a gate to the Vaults.
 12983 | D:13     | Noticed a vault guard
 12995 | D:13     | Killed a vault guard
 13292 | D:13     | Reached XP level 13. HP: 115/119 MP: 4/12
 13318 | D:13     | Reached skill level 15 in Shields
 13468 | D:13     | Noticed Herrn's ghost (powerful FoFi)
 13484 | D:13     | Killed Herrn's ghost
 13802 | Lair:1   | Entered Level 1 of the Lair of Beasts
 14487 | Lair:1   | Reached skill level 16 in Shields
 14754 | Lair:2   | Received a gift from Trog
 16014 | Lair:3   | Received a gift from Trog
 16166 | Lair:3   | Identified a +1 rod of clouds (9/9) (You found it on level 12 of the Dungeon)
 16440 | Lair:4   | Found a staircase to the Snake Pit.
 16558 | Lair:4   | Noticed Nergalle
 16574 | Lair:4   | Killed Nergalle
 16805 | Lair:4   | Found a staircase to the Shoals.
 16859 | Lair:4   | Received a gift from Trog
 18033 | Lair:5   | Reached XP level 14. HP: 133/133 MP: 4/13
 18494 | Lair:6   | Found a frozen archway.
 18728 | Lair:6   | Reached skill level 15 in Fighting
 18792 | Lair:6   | Received a gift from Trog
 18913 | Lair:6   | Reached skill level 15 in Armour
 20035 | Lair:7   | Found a staircase to the Slime Pits.
 20036 | Lair:7   | Found a viscous altar of Jiyva.
 20385 | Lair:8   | Entered Level 8 of the Lair of Beasts
 20401 | Lair:8   | Noticed kroki's ghost (powerful DsBe)
 20414 | Lair:8   | Killed kroki's ghost
 20866 | Lair:8   | Received a gift from Trog
 20906 | Lair:8   | Reached XP level 15. HP: 131/146 MP: 4/14
 21007 | Lair:8   | Reached skill level 17 in Fighting
 21015 | Lair:8   | Found a burning altar of Makhleb.
 21051 | Lair:8   | Found a gateway to Hell.
 21294 | Lair:8   | Found a stormy altar of Qazlal.
 21299 | Lair:8   | Upgraded the game from 0.17-a0-931-g11a8995 to 0.17-a0-1133-gfb1399f
 21572 | Lair:8   | Upgraded the game from 0.17-a0-1133-gfb1399f to 0.17-a0-1399-gd5b76e1
 21572 | Lair:8   | Quit the game

Vault maps used:
D:1:      dpeg_arrival_arbitrary_b, tso_altar
D:2:      kennysheep_the_goblin_king
D:3:      xom_butterflies, first_bread
D:4:      minmay_fountain_box, kennysheep_generic_room_8
D:5:      portal_sewer_entry_d, fedhas_altar_3, uniq_blork_the_orc, uniq_edmund
D:6:      minmay_ruffians
D:7:      minmay_temple_entry_trees, minmay_statues_item, uniq_prince_ribbit1
D:8:      grunt_livestock, kennysheep_generic_room_14
D:9:      uniq_psyche, uniq_gastronok
D:10:     serial_gnoll_camp, gnoll_camp_mini_loothouse, gnoll_camp_mini_hut,
          spider_trap
D:11:     lair_0_dummy
D:12:     minmay_holes, uniq_josephine
D:13:     grunt_vaults_entry_fortified
Lair:1:   wad_woods_03
Lair:2:   bh_autumn_forest_stairs
Lair:3:   eino_small_chamber_without_monster, mumra_transporter_accident
Lair:4:   elwin_shoals_entry_stream, minmay_snake_entry_guardpost_small,
          uniq_nergalle
Lair:6:   portal_ice_cave_entry_pillars_02, beast_lair_carwin_7,
          serial_bayou_shore_a, grunt_megastairs_3
Lair:7:   dpeg_slime_entry_enclosed_altar, serial_forest,
          infiniplex_forest_clump_medium, infiniplex_forest_straight_5,
          infiniplex_forest_clump_tiny, infiniplex_forest_end_1,
          infiniplex_forest_zigzag_2, infiniplex_forest_lined_4_way
Lair:8:   evil_forest, basic_altar, roderic_ravens_nest
Sewer:    sewer_sea

Action                   |  1- 3 |  4- 6 |  7- 9 | 10-12 | 13-15 || total
-------------------------+-------+-------+-------+-------+-------++-------
Melee: Mace              |    86 |    72 |       |       |       ||   158
       Flail             |       |    45 |   332 |    98 |       ||   475
       Demon whip        |       |       |       |   479 |  1113 ||  1592
Invok: Berserk           |     2 |     2 |     8 |    11 |     4 ||    27
       Burn Spellbooks   |       |       |       |     4 |     2 ||     6
       Brothers in Arms  |       |       |       |     1 |     4 ||     5
Evoke: Fan of gales      |       |       |       |       |     2 ||     2
  Use: Scroll            |       |       |     1 |    25 |    15 ||    41
       Potion            |       |       |       |     2 |       ||     2
 Stab: Sleeping          |     1 |       |       |       |       ||     1
  Eat: Chunk             |     3 |     8 |    10 |    21 |     7 ||    49
       Meat ration       |       |       |     2 |     2 |     5 ||     9
       Pizza             |       |       |     1 |       |       ||     1
       Beef jerky        |       |       |       |       |     1 ||     1
